 Dungeon Sprint DCSS version 0.19-a0-593-gf2cdb02 (webtiles) character file.

40015 Groucho the Impregnable (level 14, -6/123 HPs)
             Began as a Formicid Fighter on June 10, 2016.
             Was a High Priest of Okawaru.
             Mangled by a tengu reaver
             ... wielding a +0 war axe
              (13 damage)
             ... in the Dungeon (Sprint IX: "|||||||||||||||||||||||||||||").
             The game lasted 00:15:50 (6058 turns).

Groucho the Impregnable (Formicid Fighter)          Turns: 6058, Time: 00:15:51

Health: -6/123     AC: 22    Str: 26    XL:     14   Next: 42%
Magic:  21/24      EV: 19    Int:  7    God:    Okawaru [*****.]
Gold:   1149       SH: 18    Dex: 17    Spells: 0 memorised, 13 levels left

rFire  + . .     SeeInvis +     F - +1 great mace
rCold  + . .     Gourm    .     s - +0 plate armour
rNeg   . . .     Faith    .     I - +0 shield {reflect}
rPois  +         Spirit   .     (helmet unavailable)
rElec  +         Dismiss  .     t - +2 cloak {+Inv}
rCorr  +         Reflect  +     y - +0 pair of gloves
SustAt .         Harm     .     C - +0 pair of boots {run}
MR     +....                    (no amulet)
Stlth  ..........               b - +3 ring of strength
                                a - +3 ring of dexterity

@: resistant, heroism, finesse, corroded, quick, somewhat resistant to hostile
enchantments, extremely unstealthy
A: permanent stasis, dig shafts and tunnels, four strong arms, antennae 3
a: Dig, Heroism, Finesse, Renounce Religion, Evoke Invisibility


You were in the Dungeon.
You worshipped Okawaru.
Okawaru was extremely pleased with you.
You were not hungry.

You visited 1 branch You collected 1374 gold pieces.
You spent 225 gold pieces at shops.

Inventory:

Hand Weapons
 p - the +9 sword of Zonguldrok {reap}
   (You found it in the Dungeon)

   If a monster killed with it leaves a corpse in good enough shape, the corpse
   will be animated as a zombie friendly to the killer.
 F - a +1 great mace (weapon)
Armour
 s - a +0 plate armour (worn)
 t - a +2 cloak of invisibility (worn)
 y - a +0 pair of gloves (worn)
 C - a +0 pair of boots of running (worn)
 I - a +0 shield of reflection (worn)
Jewellery
 a - a +3 ring of dexterity (left hand)
 b - a +3 ring of strength (right hand)
 E - an uncursed ring of protection from fire
 G - an uncursed ring of protection from cold
Wands
 n - a wand of lightning (7/15)
 B - a wand of enslavement (5/24)
Scrolls
 k - 2 scrolls of blinking
 l - 5 scrolls of remove curse
 m - 2 scrolls of amnesia
 u - a scroll of fog
 v - 2 scrolls of enchant weapon
 w - 2 scrolls of fear
 x - 4 scrolls of identify
 D - a scroll of random uselessness
 H - 2 scrolls of recharging
Potions
 d - a potion of resistance
 e - 5 potions of curing
 h - 2 potions of haste
 i - 4 potions of magic
 j - 2 potions of berserk rage
 o - a potion of cure mutation
 r - a potion of agility
Comestibles
 f - 40 fruits
 q - a slice of pizza
 z - 11 bread rations
 A - 11 meat rations


   Skills:
 + Level 15.2(20.2) Fighting
 * Level 15.0(20.0) Maces & Flails
 * Level 21.0(26.0) Armour
 + Level 11.4(16.4) Dodging
 * Level 18.4(23.4) Shields
 - Level 13.5 Invocations
 - Level 9.1 Evocations


You had 13 spell levels left.
You didn't know any spells.

Dungeon Overview and Level Annotations

Branches:
Dungeon (1/1)

Altars:
Cheibriados
Dithmenos
Elyvilon
Fedhas
Gozag
Hepliaklqana
Kikubaaqudgha
Makhleb
Nemelex Xobeh
Okawaru
Pakellas
Qazlal
Ru
Sif Muna
Trog
Uskayaw
Vehumet
Xom
Yredelemnul
Zin
The Shining One
Beogh
Jiyva
Lugonu

Shops:
D %[[*


Innate Abilities, Weirdness & Mutations

You are under a permanent stasis effect.
You can dig through walls and to a lower floor.
Your four strong arms can wield two-handed weapons with a shield.
You have a pair of large antennae on your head. (SInv)


Message History

Unknown command.
You hit the frost giant.
The frost giant is severely wounded.
Unknown command.
You hit the frost giant but do no damage.
The frost giant is severely wounded.
Unknown command.
You bludgeon the frost giant!!
The frost giant is almost dead.
You block the frost giant's attack.
Unknown command.
You sock the frost giant!
You kill the frost giant!
Okawaru is honoured by your kill.
Your base Maces & Flails skill increases to level 15!
Your base Armour skill increases to level 21!
Unknown command.
An entropy weaver comes into view.
The tengu reaver hits you with a war axe!
You die...

....[[[[[[[[.)))))))).=.=.'....{.
▓▓▓▓▓▓▓▓▓▓▓▓▓▓▓▓▓▓▓▓▓▓▓▓▓▓▓▓▓▓▓▓▓
.................................
♣▓▓▓▓▓▓▓▓▓▓▓▓▓▓▓▓▓▓▓▓▓▓▓▓▓▓▓▓▓▓▓▓
'....))[))'.........'............
♣▓▓▓▓▓▓▓▓▓▓▓▓▓▓▓▓▓▓▓▓▓▓▓▓▓▓▓▓▓▓▓▓
.................................
▓▓▓▓▓▓▓▓▓▓▓▓▓▓▓▓▓▓▓▓▓▓▓▓▓▓▓▓▓▓▓▓▓
{{{{{{{{{pDpHQsQ@†[..............
▓▓▓▓▓▓▓▓▓▓▓▓▓▓▓▓▓▓▓▓▓▓▓▓ { {{ {


You could see a fire dragon, a sphinx, a tengu reaver, 2 entropy weavers, a
tengu warrior and an orb spider shaped shifter.

Vanquished Creatures
  Gastronok (D)
  A thorn hunter (D)
  Donald (D)
  A frost giant (D)
  2 stone giants (D)
  An ettin (D)
  A fire dragon (D)
  3 merfolk impalers (D)
  2 hydras (D)
  A naga warrior (D)
  A deep troll shaman (D)
  6 ogre magi (D)
  A death yak (D)
  A vampire mage (D)
  A deep troll earth mage (D)
  2 shock serpents (D)
  2 spriggan druids (D)
  A sea snake (D)
  2 orc knights (D)
  A hill giant (D)
  3 lindwurms (D)
  A wizard (D)
  2 griffons (D)
  A harpy (shapeshifter) (D)
  2 ugly things (D)
  2 moths of wrath (D)
  3 wolf spiders (D)
  3 black mambas (D)
  2 naga magi (D)
  Psyche (D)
  A spiny frog (D)
  A gargoyle (D)
  A komodo dragon (D)
  A freezing wraith (D)
  2 jumping spiders (D)
  3 two-headed ogres (D)
  A meliai (D)
  A merfolk (D)
  5 giant leeches (D)
  4 blink frogs (D)
  A bog body (D)
  A slime creature (D)
  A snapping turtle (D)
  3 redbacks (D)
  A water elemental (D)
  Eustachio (D)
  2 wraiths (D)
  2 tarantellas (D)
  A hog (D)
  A basilisk (D)
  2 hippogriffs (D)
  A vampire mosquito (D)
  A naga (D)
  2 water moccasins (D)
  2 porcupines (D)
  9 orc warriors (D)
  A wasp (D)
  An ice beast (D)
  A swamp drake (D)
  An eye of draining (D)
  6 ogres (D)
  3 centaurs (D)
  A crocodile (D)
  A giant frog (D)
  2 crimson imps (D)
  A jelly (D)
  An orc priest (D)
  An iguana (D)
  3 orc wizards (D)
  A worker ant (D)
  A river rat (D)
  3 worms (D)
  11 orcs (D)
  A bat skeleton (D)
  A kobold (D)
  2 bats (D)
  2 giant newts (D)
148 creatures vanquished.

Vanquished Creatures (others)
  An unseen horror (shapeshifter) (D)
1 creature vanquished.

Grand Total: 149 creatures vanquished

Notes
Turn   | Place    | Note
--------------------------------------------------------------
     0 | D        | Groucho the Formicid Fighter began the quest for the Orb.
     0 | D        | Reached XP level 1. HP: 18/18 MP: 1/1
    13 | D        | Reached skill level 4 in Armour
    23 | D        | Noticed a crimson imp
    23 | D        | Noticed a jelly
    23 | D        | Noticed an ogre
    23 | D        | Noticed a crimson imp
    26 | D        | Reached XP level 2. HP: 24/24 MP: 2/2
    35 | D        | Killed an ogre
    35 | D        | Reached skill level 6 in Armour
    35 | D        | Reached XP level 3. HP: 18/29 MP: 3/3
    35 | D        | Reached XP level 4. HP: 21/35 MP: 4/4
    41 | D        | Reached skill level 7 in Armour
    41 | D        | Reached XP level 5. HP: 20/41 MP: 5/5
    51 | D        | Reached skill level 8 in Armour
    54 | D        | Reached skill level 5 in Maces & Flails
    54 | D        | Reached XP level 6. HP: 14/47 MP: 6/6
    62 | D        | Found a glowing silver altar of Zin.
    62 | D        | Found a glowing golden altar of the Shining One.
    62 | D        | Found an ancient bone altar of Kikubaaqudgha.
    62 | D        | Found a basalt altar of Yredelemnul.
    62 | D        | Found a shimmering altar of Xom.
    62 | D        | Found a radiant altar of Vehumet.
    63 | D        | Found an iron altar of Okawaru.
    64 | D        | Found a burning altar of Makhleb.
    65 | D        | Found a deep blue altar of Sif Muna.
    66 | D        | Found a bloodstained altar of Trog.
    67 | D        | Found a sparkling altar of Nemelex Xobeh.
    68 | D        | Found a white marble altar of Elyvilon.
    69 | D        | Found a roughly hewn altar of Beogh.
    70 | D        | Found a viscous altar of Jiyva.
    71 | D        | Found a corrupted altar of Lugonu.
    72 | D        | Found a blossoming altar of Fedhas.
    73 | D        | Found a snail-covered altar of Cheibriados.
    74 | D        | Found a shadowy altar of Dithmenos.
    75 | D        | Found a stormy altar of Qazlal.
    76 | D        | Found an opulent altar of Gozag.
    77 | D        | Found a sacrificial altar of Ru.
    78 | D        | Found an oddly glowing altar of Pakellas.
    79 | D        | Found a hide-covered altar of Uskayaw.
    80 | D        | Found a hazy altar of Hepliaklqana.
   105 | D        | Became a worshipper of Warmaster Okawaru
   168 | D        | Noticed a wraith
   168 | D        | Noticed an orc warrior
   168 | D        | Noticed an ogre
   168 | D        | Noticed a wasp
   177 | D        | Killed a wasp
   177 | D        | Reached skill level 9 in Armour
   177 | D        | Reached skill level 10 in Shields
   181 | D        | Killed an ogre
   181 | D        | Reached skill level 10 in Armour
   181 | D        | Reached XP level 7. HP: 18/52 MP: 7/7
   209 | D        | Killed a wraith
   209 | D        | Reached * piety under Okawaru
   209 | D        | Reached skill level 11 in Armour
   632 | D        | Noticed a purple ugly thing
   632 | D        | Noticed a hippogriff
   632 | D        | Noticed a hippogriff
   637 | D        | Killed a hippogriff
   637 | D        | Reached XP level 8. HP: 60/60 MP: 5/8
   643 | D        | Reached skill level 12 in Armour
   653 | D        | Killed a purple ugly thing
   653 | D        | Reached ** piety under Okawaru
   653 | D        | Reached skill level 5 in Fighting
   658 | D        | Reached XP level 9. HP: 50/68 MP: 7/9
   669 | D        | Reached skill level 13 in Armour
  1014 | D        | Noticed a spiny frog
  1014 | D        | Noticed a komodo dragon
  1014 | D        | Noticed a blink frog
  1021 | D        | Reached skill level 1 in Dodging
  1027 | D        | Killed a komodo dragon
  1027 | D        | Reached *** piety under Okawaru
  1042 | D        | Killed a spiny frog
  1054 | D        | Reached skill level 15 in Shields
  1064 | D        | Killed a blink frog
  1064 | D        | Reached skill level 14 in Armour
  1399 | D        | Noticed an eight-headed hydra
  1406 | D        | Killed an eight-headed hydra
  1406 | D        | Reached **** piety under Okawaru
  1406 | D        | Reached XP level 10. HP: 63/80 MP: 7/10
  1583 | D        | Noticed a seven-headed hydra
  1588 | D        | Reached skill level 1 in Invocations
  1589 | D        | Noticed a death yak
  1603 | D        | HP: 4/80 [seven-headed hydra (8)]
  1614 | D        | Killed a seven-headed hydra
  1614 | D        | Reached skill level 10 in Maces & Flails
  1626 | D        | Killed a death yak
  1626 | D        | Reached ***** piety under Okawaru
  1626 | D        | Reached skill level 15 in Armour
  1626 | D        | Reached skill level 5 in Invocations
  1630 | D        | Reached skill level 5 in Dodging
  1649 | D        | Received a gift from Okawaru
  1662 | D        | Reached XP level 11. HP: 18/87 MP: 12/15
  2131 | D        | Noticed a lindwurm
  2131 | D        | Noticed a lindwurm
  2131 | D        | Noticed a lindwurm
  2138 | D        | Killed a lindwurm
  2156 | D        | Killed a lindwurm
  2181 | D        | Killed a lindwurm
  2654 | D        | Noticed Eustachio
  2673 | D        | Killed Eustachio
  2698 | D        | Noticed Psyche
  2711 | D        | Killed Psyche
  2711 | D        | Reached skill level 16 in Armour
  2711 | D        | Reached skill level 1 in Evocations
  2815 | D        | Noticed an orc knight
  2844 | D        | Killed an orc knight
  2862 | D        | Noticed an orc knight
  2899 | D        | Killed an orc knight
  2899 | D        | Reached skill level 5 in Evocations
  2911 | D        | Found Uclo's General Store.
  2911 | D        | Noticed an ogre mage
  2911 | D        | Noticed an ogre mage
  2911 | D        | Noticed an ogre mage
  2911 | D        | Noticed an ogre mage
  2918 | D        | Killed an ogre mage
  2926 | D        | Killed an ogre mage
  2926 | D        | Received a gift from Okawaru
  2926 | D        | Reached XP level 12. HP: 48/96 MP: 13/19
  2933 | D        | Killed an ogre mage
  2933 | D        | Reached skill level 17 in Armour
  2934 | D        | Found Iratosho's Antique Armour Shop.
  2934 | D        | Noticed an ogre mage
  2944 | D        | Killed an ogre mage
  2948 | D        | Reached skill level 10 in Invocations
  2955 | D        | Found Vame's Armour Boutique.
  2969 | D        | Killed an ogre mage
  3510 | D        | Identified a +0 pair of boots of running (Okawaru gifted it to you in the Dungeon)
  3516 | D        | Found Cusaurph's Food Shop.
  3521 | D        | Noticed an ogre mage
  3533 | D        | Killed an ogre mage
  3562 | D        | Bought a slice of pizza for 16 gold pieces
  3562 | D        | Bought a scroll of random uselessness for 11 gold pieces
  3562 | D        | Bought a scroll of identify for 22 gold pieces
  3562 | D        | Bought a potion of resistance for 110 gold pieces
  3562 | D        | Bought a scroll of remove curse for 33 gold pieces
  3564 | D        | Bought a potion of curing for 33 gold pieces
  3698 | D        | Noticed Gastronok
  3715 | D        | Killed Gastronok
  3715 | D        | Reached skill level 10 in Fighting
  3715 | D        | Reached skill level 18 in Armour
  3853 | D        | Noticed a stone giant
  3857 | D        | Noticed a stone giant
  3865 | D        | Noticed a vampire mage
  3871 | D        | Killed a stone giant
  3871 | D        | Received a gift from Okawaru
  3871 | D        | Reached XP level 13. HP: 97/106 MP: 12/21
  3877 | D        | Killed a stone giant
  3889 | D        | Noticed an ettin
  3902 | D        | Killed an ettin
  3902 | D        | Reached skill level 19 in Armour
  4118 | D        | Noticed a merfolk impaler
  4125 | D        | Noticed a merfolk impaler
  4127 | D        | Noticed a merfolk impaler
  4132 | D        | Killed a merfolk impaler
  4132 | D        | Reached skill level 10 in Dodging
  4158 | D        | Killed a merfolk impaler
  4158 | D        | Received a gift from Okawaru
  4184 | D        | Killed a merfolk impaler
  4838 | D        | Noticed a thorn hunter
  4851 | D        | HP: 5/112 [thorn hunter (12)]
  4860 | D        | Killed a thorn hunter
  4860 | D        | Reached skill level 20 in Armour
  5254 | D        | Noticed a naga warrior
  5264 | D        | Reached XP level 14. HP: 109/121 MP: 16/24
  5820 | D        | Noticed Donald
  5853 | D        | Killed Donald
  5853 | D        | Reached skill level 15 in Fighting
  6017 | D        | Noticed a frost giant
  6021 | D        | Noticed a tengu reaver
  6031 | D        | Noticed a sphinx
  6031 | D        | Received a gift from Okawaru
  6050 | D        | HP: 6/123 [frost giant/bolt of cold (10)]
  6057 | D        | Killed a frost giant
  6057 | D        | Reached skill level 15 in Maces & Flails
  6057 | D        | Reached skill level 21 in Armour
  6058 | D        | Mangled by a tengu reaver

Vault maps used:
D:        linesprint

Skill      XL: |  1  2  3  4  5  6  7  8  9 10 11 12 13 14 |
---------------+-------------------------------------------+-----
Shields        | 4 7 8 9 10 12 13 15 16 17 18 | 18.4
Armour         | 4 6 7 8 10 11 12 14 15 16 18 20 21 | 21.0
Maces & Flails | 4 5 6 7 8 9 10 11 12 14 15 | 15.0
Fighting       | 5 7 8 9 11 14 15 | 15.2
Dodging        | 3 5 7 8 10 11 | 11.4
Invocations    | 6 9 11 13 | 13.5
Evocations     | 6 9 |  9.1

Action                   |  1- 3 |  4- 6 |  7- 9 | 10-12 | 13-15 || total
-------------------------+-------+-------+-------+-------+-------++-------
Melee: Flail             |    24 |    18 |       |       |       ||    42
       Dire flail        |       |    12 |   119 |   309 |       ||   440
       Great mace        |       |       |       |    37 |   294 ||   331
Invok: Heroism           |       |       |     4 |    13 |     6 ||    23
       Finesse           |       |       |       |     3 |     5 ||     8
 Abil: Evoke Invisibilit |       |       |       |       |     1 ||     1
  Use: Potion            |     1 |     1 |     1 |     4 |    10 ||    17
 Stab: Invisible         |       |       |     2 |       |     3 ||     5
  Eat: Meat ration       |       |       |     1 |       |     1 ||     2
       Bread ration      |       |       |       |     1 |     1 ||     2
Armor: Scale mail        |     7 |     7 |       |       |       ||    14
       Plate armour      |       |     2 |    38 |   128 |    69 ||   237
Dodge: Dodged            |    15 |    11 |    22 |    77 |    91 ||   216
Block: Shield            |    14 |    16 |    66 |   141 |   156 ||   393
